 Dungeon Crawl Stone Soup version 0.26-a0-1132-ge9770dfcb6 (webtiles) character file.

Game seed: 2838562900576296514

2940 sahdkjhfkaj the Grappler (level 9, -6/139 HPs)
             Began as a Troll Berserker on Dec 20, 2020.
             Was a High Priest of Trog.
             Mangled by a cyan ugly thing (15 damage)
             ... on level 6 of the Dungeon.
             The game lasted 00:05:38 (4908 turns).

sahdkjhfkaj the Grappler (Troll Berserker)          Turns: 4908, Time: 00:05:39

Health: -6/139     AC:  6    Str: 28    XL:     9   Next: 51%
Magic:  8/8        EV:  9    Int:  4    God:    Trog [*****.]
Gold:   312        SH: 12    Dex: 10    Spells: 8/8 levels left

rFire    . . .     SeeInvis .     - Unarmed
rCold    . . .     Faith    .   r - +2 kite shield {reflect}
rNeg     . . .     Spirit   .   a - +0 animal skin
rPois    .         Reflect  +   (helmet restricted)
rElec    .         Harm     .   (no cloak)
rCorr    .         Rampage  .   (gloves unavailable)
Will     +....                  (boots unavailable)
Stlth    ..........             (no amulet)
HPRegen  0.73/turn              g - ring of willpower
MPRegen  0.11/turn              (no ring)

@: berserking, very quick
A: large, unfitting armour, claws 3, regeneration 1, shaggy fur 1, tough skin 3
a: Renounce Religion, Berserk, Trog's Hand, Brothers in Arms


You were on level 6 of the Dungeon.
You worshipped Trog.
Trog was extremely pleased with you.
You visited 1 branch of the dungeon, and saw 6 of its levels.
You also visited: Ossuary.

You collected 462 gold pieces.
You spent 150 gold pieces at shops.

Inventory:

Missiles
 b - 5 throwing nets {!f}
Armour
 a - a +0 animal skin (worn)
 r - a +2 kite shield of reflection (worn)
Jewellery
 g - a ring of willpower (left claw)
 l - an uncursed ring of ice
Wands
 e - a wand of polymorph (9)
Scrolls
 d - 4 scrolls of remove curse
 o - a scroll of identify
Potions
 c - a potion of curing
 f - a potion of resistance {unknown}
 h - a potion of might {unknown}
 i - a potion of ambrosia {unknown}
 j - 6 potions of lignification
 k - a potion of flight {unknown}
 m - 2 potions of invisibility {unknown}
 n - a potion of brilliance {unknown}
 p - a potion of cancellation {unknown}


   Skills:
 - Level 7.5 Fighting
 - Level 2.4 Dodging
 + Level 4.5 Shields
 - Level 9.0 Unarmed Combat


You had 8 spell levels left.
You didn't know any spells.
Your spell library contained the following spells:

 Spells                   Type           Power        Failure   Level
 Magic Dart               Conj           0%           83%         1
 Blink                    Tloc           N/A          92%         2
 Call Imp                 Summ           0%           92%         2
 Slow                     Hex            0%           92%         2
 Conjure Flame            Conj/Fire      0%           99%         3
 Mephitic Cloud           Conj/Pois/Air  0%           99%         3


Dungeon Overview and Level Annotations

Branches:
Dungeon (6/15)            Ossuary (visited)
 Temple: D:4-7

Altars:
Gozag

Shops:
D:5 [

Annotations:
D:4 1 runed translucent door
D:6 Eustachio


Innate Abilities, Weirdness & Mutations

You are too large for most types of armour.
You have claws for hands.
Your natural rate of healing is unusually fast.
You are covered in fur. (AC +1)
You have extremely tough skin. (AC +3)


Message History

Eustachio the Magnificent comes into view.
He is wielding a +0 rapier.
You barely miss the cyan ugly thing.
The cyan ugly thing is heavily wounded.
You claw the cyan ugly thing!
The cyan ugly thing is severely wounded.
The cyan ugly thing punches you. The cyan ugly thing shocks you!
* * * LOW HITPOINT WARNING * * *
You claw the cyan ugly thing!
The cyan ugly thing is almost dead.
The cyan ugly thing punches you!
* * * LOW HITPOINT WARNING * * *
The cyan ugly thing shocks you!
* * * LOW HITPOINT WARNING * * *
You barely miss the cyan ugly thing.
The cyan ugly thing is almost dead.
Eustachio casts a spell.
You scratch the cyan ugly thing.
The cyan ugly thing is almost dead.
The cyan ugly thing punches you!
You die...

###... .. ..............
..... .. ..#
?............. ...##
..###... ............
..#.. # #...#.#
............ ..# ⌠.#.
.⌠.#.# # ............
..# ..#≈≈#...#.#
.#@............
..≈###≈≈≈≈###≈.#
#...#...........
...≈≈≈≈≈≈≈≈≈≈..##u..###.
...≈≈≈≈≈≈≈≈≈≈†..@.......
..≈###≈≈≈≈###≈..........
#.#...#≈≈#...#..........
#.#.⌠.#..#.⌠.#..........
#.#...#..#...#..........
#..###....###......[....
#.......................
#..###.........#.##..#..
..## #........<#.# ..


You could see a cyan ugly thing and Eustachio.

Vanquished Creatures
  Grinder (D:6)
  Menkaure (Ossuary)
  3 soldier ants (D:5)
  5 water moccasins (D:5)
  Duvessa (D:4)
  An orc warrior (D:6)
  2 ogres (D:4)
  The ghost of innerfire34 the Insei, an amateur DsBe of Trog (D:4)
  2 bullfrogs
  Dowan (D:4)
  A water moccasin skeleton (D:6)
  7 killer bees (D:5)
  2 orc priests
  A centaur skeleton (D:5)
  Crazy Yiuf (D:4)
  A bullfrog skeleton (D:4)
  2 orc wizards (D:4)
  5 worker ants (D:5)
  2 hound skeletons (D:5)
  3 mummies (Ossuary)
  6 adders
  4 gnolls (D:5)
  A river rat (D:4)
  An adder skeleton (D:4)
  3 worms
  3 dart slugs
  4 leopard geckos
  14 orcs
  3 ball pythons (D:4)
  6 giant cockroaches
  3 gnoll zombies (Ossuary)
  6 goblins
  4 hobgoblins
  10 jackals
  2 quokkas
  A ball python skeleton (D:4)
  8 bats
  7 frilled lizards
  4 gnoll skeletons (Ossuary)
  A goblin skeleton (Ossuary)
  6 goblin zombies (Ossuary)
  3 hobgoblin skeletons (Ossuary)
  4 hobgoblin zombies (Ossuary)
  6 kobolds
  8 kobold skeletons (Ossuary)
  4 kobold zombies (Ossuary)
  4 orc skeletons (Ossuary)
  3 orc zombies (Ossuary)
  8 rats
  4 rat skeletons (Ossuary)
  5 rat zombies (Ossuary)
189 creatures vanquished.

Vanquished Creatures (collateral kills)
  2 soldier ants (D:5)
  A worker ant (D:5)
3 creatures vanquished.

Vanquished Creatures (others)
  A goblin skeleton (Ossuary)
1 creature vanquished.

Grand Total: 193 creatures vanquished

Notes
Turn   | Place    | Note
-------+----------+-------------------------------------------
     0 | D:1      | sahdkjhfkaj the Troll Berserker began the quest for the
                  | Orb.
     0 | D:1      | Reached XP level 1. HP: 22/22 MP: 0/0
   233 | D:1      | Reached XP level 2. HP: 29/29 MP: 1/1
   687 | D:2      | Reached XP level 3. HP: 32/37 MP: 2/2
   782 | D:2      | Reached ** piety under Trog
  1180 | D:2      | Reached skill level 4 in Unarmed Combat
  1345 | D:2      | Reached XP level 4. HP: 45/45 MP: 3/3
  1687 | D:3      | Reached *** piety under Trog
  1997 | D:4      | Found a runed translucent door.
  2000 | D:4      | Noticed innerfire34's ghost (amateur DsBe)
  2008 | D:4      | Noticed an ogre
  2019 | D:4      | Killed an ogre
  2020 | D:4      | Reached XP level 5. HP: 46/54 MP: 4/4
  2062 | D:4      | Reached skill level 5 in Unarmed Combat
  2073 | D:4      | Found a runed translucent door.
  2080 | D:4      | Killed innerfire34's ghost
  2081 | D:4      | Reached XP level 6. HP: 34/63 MP: 5/5
  2303 | D:4      | Found a sand-covered staircase.
  2309 | Ossuary  | Entered an ossuary
  2468 | Ossuary  | Reached **** piety under Trog
  2588 | Ossuary  | Noticed Menkaure
  2595 | Ossuary  | Killed Menkaure
  2596 | Ossuary  | Reached skill level 5 in Fighting
  2596 | Ossuary  | Reached skill level 6 in Unarmed Combat
  2596 | Ossuary  | Reached XP level 7. HP: 33/72 MP: 6/6
  2800 | D:4      | Noticed Duvessa
  2802 | D:4      | Noticed Dowan
  2814 | D:4      | Killed Duvessa
  2818 | D:4      | Killed Dowan
  2939 | D:4      | Reached skill level 7 in Unarmed Combat
  2953 | D:4      | Found a runed translucent door.
  2954 | D:4      | Noticed Crazy Yiuf
  3168 | D:4      | Killed Crazy Yiuf
  3219 | D:5      | Entered Level 5 of the Dungeon
  3220 | D:5      | Found an opulent altar of Gozag.
  3359 | D:5      | Found the +9 staff of Olgreb {rPois∞}
  3368 | D:5      | Found a runed translucent gate.
  3368 | D:5      | Found a runed translucent gate.
  3369 | D:5      | Found a runed translucent door.
  3469 | D:5      | Found a runed translucent gate.
  3477 | D:5      | Found a runed translucent door.
  3623 | D:5      | Reached XP level 8. HP: 71/83 MP: 7/7
  3639 | D:5      | Reached skill level 8 in Unarmed Combat
  3654 | D:5      | Reached ***** piety under Trog
  3665 | D:5      | Reached XP level 9. HP: 19/93 MP: 8/8
  3667 | D:5      | Reached skill level 9 in Unarmed Combat
  4028 | D:5      | Reached skill level 1 in Shields
  4230 | D:5      | Found Ungemmiv's Antique Armour Boutique.
  4235 | D:5      | Bought a runed kite shield for 150 gold pieces
  4686 | D:6      | Noticed Grinder
  4696 | D:6      | Killed Grinder
  4895 | D:6      | Noticed a cyan ugly thing
  4903 | D:6      | Noticed Eustachio
  4908 | D:6      | Mangled by a cyan ugly thing

Illustrated notes

Levels and vault maps discovered:
D:1:      minmay_arrival_open_corners, layout_basic, minmay_misc_feat_cross,
          chequers_avenue, minmay_hedge_maze, minmay_misc_feat_more_columns
D:2:      layout_basic
D:3:      layout_loops_ring
D:4:      layout_cave_pools, ebering_ghost_sewer_f, nicolae_ossuary_entry_plus,
          hangedman_decor_riveting, grunt_tough_drop, uniq_duvessa,
          uniq_crazy_yiuf_cottage
D:5:      layout_loops_corners, basic_altar, serial_shops, shop,
          minmay_guarded_unrand_staff_of_olgreb
D:6:      layout_rooms, minitemple, grunt_temple_overflow_cloverleaf,
          temple_hall, fountainhead, uniq_eustachio, uniq_grinder

Skill      XL: |  1  2  3  4  5  6  7  8  9 |
---------------+----------------------------+-----
Fighting       | 3 4 5 6 7 |  7.5
Unarmed Combat | 4 5 6 7 8 9 |  9.0
Shields        | 4 |  4.5
Dodging        | |  2.4

Action                   |  1- 3 |  4- 6 |  7- 9 || total
-------------------------+-------+-------+-------++-------
Melee: Unarmed           |    99 |   175 |   202 ||   476
       Punch             |       |     2 |     2 ||     4
Invok: Berserk           |       |     3 |     4 ||     7
       Brothers in Arms  |       |       |     1 ||     1
       Trog's Hand       |       |       |     1 ||     1
  Use: Scroll            |       |     2 |     3 ||     5
       Potion            |       |     2 |     2 ||     4
Armor: Animal skin       |    40 |    58 |    39 ||   137
Dodge: Dodged            |    50 |    79 |    58 ||   187
Block: Kite shield       |       |       |    29 ||    29

Table legend: (Time is in decaauts)
 A = Elapsed time spent in this place.
 B = Non-inter-level travel time spent in this place.
 C = Inter-level travel time spent in this place.
 D = Time resting spent in this place.
 E = Time spent auto-exploring this place.
 F = Levels seen in this place.
 G = Mean time per level.
                   A        B        C        D        E       F      G
               +--------+--------+--------+--------+--------+-----+--------+
         Total |   4897 |   4687 |    210 |    421 |   3260 |   7 |  699.6 |
       Dungeon |   4484 |   4274 |    210 |    421 |   3056 |   6 |  747.3 |
       Ossuary |    413 |    413 |      0 |      0 |    203 |   1 |  413.0 |
               +--------+--------+--------+--------+--------+-----+--------+

Top non-repeatable levels by time:
     D:5: 1462 daAuts
     D:4: 822 daAuts
     D:2: 723 daAuts
     D:1: 671 daAuts
     D:3: 588 daAuts
 Ossuary: 413 daAuts
     D:6: 215 daAuts
